AoeStats
← Snitches get stitches

Black Forest

509193707Analyzed
2v2 RM · 8d ago on Sep 25, 2026· 78m 25s· 4 players
Game mode
Random Map
Map size
Medium (4 player)
Population
200
Speed
Normal
Resources
Standard
Victory
Conquest
Starting age
Dark Age
Ending age
Imperial Age
RankedLock teamsTeams togetherTeam positionsShared explorationLock speedFull tech treeHidden civsTurbo modeCheats
Victory
Defeat
🇲🇽 Teutons · Mexico
676
+12
🇺🇸 Wu · United States
609
+14
🇩🇪 Britons · Germany
586
-13
🇩🇪 Persians · Germany
578
-13
evan.matthew.bishop
0:35 Loom
11:44 Feudal Age
12:18 Double-Bit Axe
12:19 Horse Collar
17:43 Town Watch
22:52 Castle Age
21:29 Fletching
21:49 Padded Archer Armor
22:25 Gold Mining
22:30 Stone Mining
25:11 Masonry
26:00 Bodkin Arrow
27:45 Wheelbarrow
27:55 Leather Archer Armor
29:44 Heavy Plow
30:15 Bow Saw
35:01 Imperial Age
33:42 Ballistics
33:51 Red Cliffs Tactics
34:18 Elite Skirmisher
35:57 Redemption
36:52 Conscription
37:43 Two-Man Saw
37:30 Bracer
39:01 Gold Shaft Mining
41:49 Chemistry
41:27 Sitting Tiger
42:37 Elite Fire Archer
44:47 Onager
46:16 Sanctity
52:54 Theocracy
52:45 Illumination
60:05 Fervor
75:10 Caravan
2022aoe2
0:29 Loom
13:50 Feudal Age
14:26 Double-Bit Axe
14:44 Horse Collar
15:50 Gold Mining
15:51 Stone Mining
23:31 Castle Age
24:43 Bow Saw
24:45 Heavy Plow
25:04 Town Watch
26:28 Wheelbarrow
25:59 Caravan
29:21 Stone Shaft Mining
31:53 Coinage
35:36 Imperial Age
33:36 Ballistics
34:28 Hand Cart
34:30 Forging
34:21 Scale Mail Armor
34:24 Padded Archer Armor
35:15 Guard Tower
36:37 Guilds
36:59 Banking
37:33 Chemistry
36:21 Arrowslits
36:57 Bloodlines
38:06 Onager
38:35 Cavalier
39:39 Conscription
39:42 Ironclad
39:50 Siege Engineers
39:42 Fletching
41:33 Two-Man Saw
41:56 Crenellations
42:30 Chain Mail Armor
42:51 Iron Casting
44:12 Siege Onager
46:02 Hoardings
45:44 Elite Teutonic Knight
48:15 Bombard Tower
48:52 Paladin
49:54 Scale Barding Armor
50:06 Leather Archer Armor
62:42 Blast Furnace
62:12 Plate Mail Armor
62:13 Ring Archer Armor
61:38 Bodkin Arrow
62:04 Chain Barding Armor
62:24 Keep
JokN
15:37 Feudal Age
15:53 Horse Collar
16:01 Double-Bit Axe
23:05 Castle Age
23:31 Heavy Plow
23:42 Bow Saw
26:07 Caravan
26:40 Crossbowman
28:20 Stone Mining
30:13 Wheelbarrow
30:44 Thumb Ring
31:22 Kamandaran
32:00 Padded Archer Armor
37:02 Imperial Age
34:57 Hand Cart
36:05 Ballistics
37:30 Elite War Elephant
42:39 Crop Rotation
43:12 Two-Man Saw
42:58 Gold Mining
43:46 Stone Shaft Mining
44:16 Chemistry
43:46 Leather Archer Armor
43:22 Fletching
44:52 Gold Shaft Mining
45:56 Ring Archer Armor
45:22 Bodkin Arrow
45:39 Forging
45:30 Scale Mail Armor
45:37 Scale Barding Armor
45:59 Conscription
51:49 Cavalier
52:32 Husbandry
52:43 Bloodlines
51:55 Light Cavalry
52:45 Hussar
53:16 Savar
58:17 Iron Casting
58:00 Chain Mail Armor
58:05 Chain Barding Armor
62:26 Blast Furnace
62:00 Plate Mail Armor
62:08 Plate Barding Armor
Snitches get stitches
8:32 Loom
13:38 Feudal Age
13:59 Horse Collar
15:16 Gold Mining
18:20 Double-Bit Axe
22:05 Wheelbarrow
28:00 Castle Age
26:07 Padded Archer Armor
27:11 Fletching
28:03 Crossbowman
28:12 Light Cavalry
29:40 Stone Mining
30:07 Bow Saw
31:34 Leather Archer Armor
31:14 Bodkin Arrow
34:14 Heavy Plow
35:24 Ballistics
36:07 Hand Cart
36:34 Fortified Wall
37:15 Scale Mail Armor
40:49 Imperial Age
38:07 Town Watch
38:32 Scale Barding Armor
39:46 Town Patrol
41:42 Caravan
42:33 Ring Archer Armor
42:14 Forging
41:52 Arrowslits
43:44 Chain Mail Armor
43:49 Chain Barding Armor
43:25 Bodkin Arrow
43:54 Conscription
43:09 Capped Ram
45:50 Plate Mail Armor
45:55 Iron Casting
45:15 Guard Tower
44:59 Cavalier
45:40 Husbandry
46:25 Gold Shaft Mining
45:56 Arbalester
47:00 Yeomen
48:31 Warwolf
47:56 Elite Skirmisher
50:15 Two-Man Saw
49:29 Elite Longbowman
50:47 Bracer
51:47 Blast Furnace
51:23 Plate Barding Armor
53:37 Blast Furnace
55:19 Chemistry
54:54 Keep
54:13 Heated Shot
58:35 Cranequins
64:54 Sappers
66:03 Hoardings
68:53 Pikeman
69:33 Squires
77:16 Heavy Mounted Crossbowman
Connection lost

Rejoining the realm…

Still unreachable

The connection could not be restored.

Session expired

The server has moved on; the page needs a fresh start.